 Dungeon Crawl Stone Soup version 0.31-a0-1144-g99969ba1bc (webtiles) character file.

Game seed: 10630607679453742106

79 kae the Sneak (level 4, 0/32 HPs)
             Began as a Demonspawn Enchanter on Dec 6, 2023.
             Slain by an adder (1 damage)
             ... on level 4 of the Dungeon.
             The game lasted 00:03:34 (2255 turns).

kae the Sneak (Demonspawn Enchanter)                Turns: 2255, Time: 00:03:35

Health: 0/32       AC:  2    Str:  8    XL:     4   Next: 16%
Magic:  5/7        EV: 12    Int: 16    God:
Gold:   139        SH:  0    Dex: 15    Spells: 2/7 levels left

rFire   . . .        i - +1 dagger (heavy)
rCold   . . .        (no shield)
rNeg    . . .        b - +0 robe
rPois   .            (no helmet)
rElec   .            (no cloak)
rCorr   .            (no gloves)
SInv    +            (no boots)
Will    .....        (no amulet)
Stlth   ++           v - ring of see invisible
HPRegen 0.25/turn    (no ring)
MPRegen 0.10/turn

%: no passive effects
@: no status effects
A: demonic magic 2
a: no special abilities


You were on level 4 of the Dungeon.
You visited 1 branch of the dungeon, and saw 4 of its levels.

You collected 139 gold pieces.


Innate Abilities, Weirdness & Mutations

Spells you cast may paralyse nearby enemies.


   Skills:
 + Level 1.2 Fighting
 * Level 2.0 Short Blades
 - Level 1.7 Dodging
 * Level 3.4 Stealth
 + Level 2.4 Spellcasting
 + Level 3.3 Hexes


You had 2 spell levels left.
You knew the following spells:

 Your Spells              Type           Power      Damage    Failure   Level
a - Ensorcelled Hibernat  Hex/Ice        14%        N/A       16%         2
b - Confusing Touch       Hex            12%        N/A       16%         3

Your spell library contained the following spells:

 Spells                   Type           Power      Damage    Failure   Level
 Cigotuvi's Dreadful Rot  Necr/Pois/Air  2%         N/A       30%         2
 Tukima's Dance           Hex            12%        N/A       16%         3
 Dazzling Flash           Conj/Hex       14%        N/A       30%         3
 Ignite Poison            Fire/Tmut/Pois 1%         N/A       52%         3
 Freezing Cloud           Conj/Ice/Air   0%         6-21      99%         5

Inventory:

Hand Weapons
 a - a +1 dagger
 e - a +0 vampiric short sword
   (You found it on level 1 of the Dungeon)
 i - a +1 heavy dagger (weapon)
   (You took it off a goblin on level 1 of the Dungeon)
Missiles
 d - 5 boomerangs
 h - 43 stones
 l - 2 poisoned darts
Armour
 b - a +0 robe (worn)
Jewellery
 v - a ring of see invisible (left hand)
   (You found it on level 2 of the Dungeon)
Scrolls
 f - 3 scrolls of summoning
 g - a scroll of identify {unknown}
 j - a scroll of noise {!r}
 k - a scroll of blinking {unknown}
Potions
 c - 2 potions of invisibility
 m - 2 potions of curing {@q1}

Dungeon Overview and Level Annotations

Branches:
Dungeon (4/15) Zot: 21753
 Temple: D:4-7

Altars:

Annotations:
D:3 Terence

### #############.###
#....##.......#.. .
#....##.......#..
....#####....#....)...#..
........@....#........#..
.....###S....#........#..
....M........#........#..
...S#....##...........#..
.........###............
.##...........########..
.....>.......########..
#.......................
##...........#####......


You could see an adder.


Message History

Terence zaps a wand.
The puff of flame hits you.
* * * LOW HITPOINT WARNING * * *
You climb upwards.
There is a stone staircase leading down here. 😨 HP[-4]
You take 4 damage, and now have 13/32 hp.
There is an escape hatch in the floor here. 😨 HP[+2]
You regained 2 hp, and now have 15/32 hp.
You feel your willpower return.
There is a stone staircase leading down here. 😮 HP[+9]
You regained 9 hp, and now have 24/32 hp.
You climb downwards.
Level annotation: Terence
There is a stone staircase leading up here.
Done exploring. 😕 HP[+3]
You regained 3 hp, and now have 27/32 hp.
Done exploring.
Done exploring.
Done exploring.
As you read the scroll labelled TAYSCH ALEBURCHE, it crumbles to dust.
It is a scroll of brand weapon.
Your +1 vampiric dagger becomes incredibly heavy!
i - a +1 heavy dagger (weapon)
Okay, then.
Okay, then.
Okay, then.
Done exploring.
Done exploring.
No target in view!
No target in view!
Done exploring.
No target in view!
No target in view!
Done exploring.
No target in view!
No target in view!
Done exploring.
There is an open door here.
There is a stone staircase leading down here.
You climb downwards.
There is a stone staircase leading up here. 😕 HP[+3]
You regained 3 hp, and now have 30/32 hp.
g - a scroll labelled XATTOBROFRI 😎 HP[+2]
Your hp is fully restored (32).
No target in view!
No target in view!
You pick up a Trismegistus Codex and begin reading...
Unfortunately, you learned nothing new.
h - 43 stones (gained 7)
k - a scroll labelled TUBOECSIYKHLO No target in view!
No target in view!
Menkaure, Prince of Dust comes into view.
Menkaure shouts!
An adder comes into view.
Casting: Ensorcelled Hibernation (safe; 16% risk of failure)
Confirm with . or Enter, or press ? or * to list all spells.
Okay, then.
Unknown command.
Casting: Confusing Touch (quite dangerous; 16% risk of failure)
Confirm with . or Enter, or press ? or * to list all spells.
Your hands begin to glow red.
Malevolent energies surge around you. 😎 MP[-3]
You lost 3 mp, and now have 4/7 mp.
You start resting.
There are monsters nearby!
You hit Menkaure but do no damage. Menkaure closely misses you.
You hit Menkaure but do no damage. Menkaure hits you but does no damage.
Unknown command.
You hit Menkaure but do no damage.
Menkaure appears confused.
You hit Menkaure. The adder bites you. Menkaure hits you!
Menkaure hits himself. 😮 HP[-15]
You take 15 damage, and now have 17/32 hp.
MASSIVE DAMAGE!! (PAUSE)
You hit Menkaure. The adder bites you.
* * * LOW HITPOINT WARNING * * *
The adder closely misses you. 😨 HP[-3] MP[+1]
You take 3 damage, and now have 14/32 hp.
You strike the helpless Menkaure from behind!
You puncture Menkaure! The adder barely misses you.
The adder closely misses you. 😨 HP[+1]
The adder closely misses you. Menkaure hits you!
* * * LOW HITPOINT WARNING * * *
😱 HP[-14]
You take 14 damage, and now have 1/32 hp.
MASSIVE DAMAGE!! (PAUSE)
You strike the helpless Menkaure from behind!
You puncture Menkaure!
You destroy Menkaure!
The adder bites you.
You die...

Skill      XL: |  1  2  3  4 |
---------------+-------------+-----
Short Blades   | 1 2 |  2.0
Stealth        | 3 |  3.4
Fighting       | 1 |  1.2
Dodging        | |  1.7
Spellcasting   | |  2.4
Hexes          | |  3.3

Action                     |  1- 3 |  4- 6 || total
---------------------------+-------+-------++-------
  Melee: Short sword       |    18 |       ||    18
         Dagger            |   114 |    28 ||   142
         Punch             |       |     1 ||     1
   Cast: Ensorcelled Hiber |    12 |     1 ||    13
         Confusing Touch   |       |     1 ||     1
    Use: Scroll            |     4 |     2 ||     6
         Potion            |       |     1 ||     1
   Stab: Sleeping          |    12 |       ||    12
         Paralysed         |     6 |       ||     6
         Confused          |       |     2 ||     2
 Armour: Robe              |    56 |    18 ||    74
  Dodge: Dodged            |    73 |    15 ||    88

Levels and vault maps discovered:
D:1:      dpeg_arrival_rooms_with_view, layout_rooms
D:2:      layout_rooms, basic_altar, minmay_puff
D:3:      layout_basic, guppyfry_early_lair_pool, uniq_terence
D:4:      layout_rooms, nzn_wu_jian_contemplation, minmay_cut_off, uniq_menkaure

Notes
Turn   | Place    | Note
-------+----------+-------------------------------------------
     0 | D:1      | kae the Demonspawn Enchanter began the quest for the Orb.
     0 | D:1      | Reached XP level 1. HP: 13/13 MP: 3/3
     0 | D:1      | magus.rc [v1.11.3]
   106 | D:1      | Reached skill level 1 in Short Blades
   547 | D:2      | Gained mutation: Spells you cast may paralyse adjacent
                  | enemies. [demonic ancestry]
   547 | D:2      | Reached XP level 2. HP: 17/20 MP: 5/5
   555 | D:2      | You add the spells Cigotuvi's Dreadful Rot, Ignite Poison
                  | and Freezing Cloud to your library.
   581 | D:2      | Reached skill level 3 in Stealth
   615 | D:2      | Learned a level 2 spell: Ensorcelled Hibernation
   799 | D:2      | Reached XP level 3. HP: 25/25 MP: 3/6
   923 | D:2      | Reached skill level 1 in Fighting
  1234 | D:3      | Learned a level 3 spell: Confusing Touch
  1688 | D:4      | Gained mutation: Spells you cast may paralyse nearby
                  | enemies. [demonic ancestry]
  1688 | D:4      | Reached XP level 4. HP: 32/32 MP: 7/7
  1750 | D:3      | Reached skill level 2 in Short Blades
  1952 | D:3      | Noticed Terence
  1955 | D:3      | HP: 8/32 [Terence/puff of flame (10)]
  1966 | D:3      | HP: 8/32 [goblin/+0 club (4)]
  2239 | D:4      | Noticed Menkaure
  2254 | D:4      | HP: 1/32 [Menkaure (14)]
  2255 | D:4      | Killed Menkaure
  2255 | D:4      | Slain by an adder

Vanquished Creatures
  Menkaure (D:4)
  2 adders (D:2)
  2 worms (D:2)
  A dart slug (D:2)
  2 orcs (D:3)
  7 endoplasms
  2 giant cockroaches (D:3)
  5 goblins
  6 hobgoblins
  2 quokkas
  7 ball pythons
  4 bats
  2 frilled lizards
  A kobold (D:2)
  5 rats
49 creatures vanquished.

Table legend:
 A = Non-vault XP
 B = Vault XP
 C = Vault XP percentage of total XP
 D = Non-vault monster count
 E = Vault monster count
 F = Vault count percentage of total count
                 A         B        C        D         E       F
            +---------+---------+-------+---------+---------+-------
      Total |      96 |     192 |  66.7 |      44 |       5 |  10.2
            +---------+---------+-------+---------+---------+-------
        D:1 |       7 |       2 |  22.2 |       5 |       2 |  28.6
        D:2 |      53 |      15 |  22.1 |      19 |       2 |   9.5
        D:3 |      32 |       0 |   0.0 |      18 |       0 |   0.0
        D:4 |       4 |     175 |  97.8 |       2 |       1 |  33.3
            +---------+---------+-------+---------+---------+-------

Skill      XL: |  1  2  3  4 |
---------------+-------------+-----
Short Blades   | 1 2 |  2.0
Stealth        | 3 |  3.4
Fighting       | 1 |  1.2
Dodging        | |  1.7
Spellcasting   | |  2.4
Hexes          | |  3.3

Action                     |  1- 3 |  4- 6 || total
---------------------------+-------+-------++-------
  Melee: Short sword       |    18 |       ||    18
         Dagger            |   114 |    28 ||   142
         Punch             |       |     1 ||     1
   Cast: Ensorcelled Hiber |    12 |     1 ||    13
         Confusing Touch   |       |     1 ||     1
    Use: Scroll            |     4 |     2 ||     6
         Potion            |       |     1 ||     1
   Stab: Sleeping          |    12 |       ||    12
         Paralysed         |     6 |       ||     6
         Confused          |       |     2 ||     2
 Armour: Robe              |    56 |    18 ||    74
  Dodge: Dodged            |    73 |    15 ||    88

Illustrated notes

Table legend:
 A = Kills in this place as a percentage of kills in the entire game.
 B = Kills by you in this place as a percentage of kills by you in the entire game.
 C = Kills by friends in this place as a percentage of kills by friends in the entire game.
 D = Other kills in this place as a percentage of other kills in the entire game.
 E = Experience gained in this place as a percentage of experience gained in the entire game.
 F = Experience gained in this place divided by the number of levels of this place that you have seen.
                   A       B       C       D       E      F
               +-------+-------+-------+-------+-------+----------------------
         Total | 100.0 | 100.0 |   N/A |   N/A | 100.0 |  72.0
       Dungeon | 100.0 | 100.0 |   N/A |   N/A | 100.0 |  72.0
               +-------+-------+-------+-------+-------+----------------------

Table legend: (Time is in decaauts)
 A = Elapsed time spent in this place.
 B = Non-inter-level travel time spent in this place.
 C = Inter-level travel time spent in this place.
 D = Time resting spent in this place.
 E = Time spent auto-exploring this place.
 F = Levels seen in this place.
 G = Mean time per level.
                   A        B        C        D        E       F      G
               +--------+--------+--------+--------+--------+-----+--------+
         Total |   2245 |   2103 |    142 |     91 |   1509 |   4 |  561.2 |
       Dungeon |   2245 |   2103 |    142 |     91 |   1509 |   4 |  561.2 |
               +--------+--------+--------+--------+--------+-----+--------+

Top non-repeatable levels by time:
     D:3: 851 daAuts
     D:2: 749 daAuts
     D:1: 518 daAuts
     D:4: 126 daAuts
